 Dungeon Crawl Stone Soup version 0.29.1-2-gbd0b4ee654 (webtiles) character file.

Game seed: 14546685301721553778

36 LustLizard the Shooter (level 3, 0/18 HPs)
             Began as a Spriggan Hunter on Oct 28, 2022.
             Killed from afar by Terence (18 damage)
             ... with a bolt of light
             ... on level 2 of the Dungeon.
             The game lasted 00:01:30 (1165 turns).

LustLizard the Shooter (Spriggan Hunter)            Turns: 1165, Time: 00:01:30

Health: 0/18       AC:  2    Str:  7    XL:     3   Next: 19%
Magic:  4/4        EV: 18    Int: 10    God:
Gold:   120        SH:  0    Dex: 20    Spells: 2/2 levels left

rFire   . . .      SeeInvis +   a - +0 shortbow
rCold   . . .      Faith    .   (shield currently unavailable)
rNeg    . . .      Spirit   .   c - +0 robe
rPois   .          Reflect  .   (helmet restricted)
rElec   .          Harm     .   (no cloak)
rCorr   .          Rampage  .   (gloves unavailable)
Will    .....                   (boots unavailable)
Stlth   +++.......              (no amulet)
HPRegen 0.06/turn               (no ring)
MPRegen 0.09/turn               (no ring)

@: very quick
A: very small, no large weapons, unfitting armour, see invisible, speed 3
a: no special abilities


You were on level 2 of the Dungeon.
You visited 1 branch of the dungeon, and saw 2 of its levels.

You collected 120 gold pieces.

Inventory:

Hand Weapons
 a - a +0 shortbow (weapon)
Armour
 c - a +0 robe (worn)
Jewellery
 h - an amulet of magic regeneration
Scrolls
 b - a scroll of immolation
 d - a scroll of poison {unknown}
 f - 2 scrolls of blinking {unknown}
 j - a scroll of magic mapping {unknown}
Potions
 e - a potion of attraction {unknown}
 g - a potion of brilliance {unknown}
 i - a potion of degeneration {unknown}


   Skills:
 + Level 2.0 Fighting
 * Level 4.6 Ranged Weapons
 - Level 2.6 Dodging
 + Level 2.8 Stealth


You had 2 spell levels left.
You didn't know any spells.
Your spell library was empty.

Dungeon Overview and Level Annotations

Branches:
Dungeon (2/15)

Altars:

Annotations:
D:2 Terence


Innate Abilities, Weirdness & Mutations

You are very small and have problems with some larger weapons.
You are too small for most types of armour.
You have supernaturally acute eyesight. (SInv)
You cover ground extremely quickly. (Speed+++)


Message History

You shoot an arrow. The arrow hits the frilled lizard!
You kill the frilled lizard!
No target in view!
No target in view!
There is an escape hatch in the floor here.
There is a stone staircase leading up here.
f - 2 scrolls labelled ISTREE VEOSUKIU (gained 1)
You see here a +0 leather armour.
Terence and a rat come into view.
Terence is wielding a +0 flail, wearing a +2 scale mail of poison resistance and carrying a wand of light (11).
There are monsters nearby!
You shoot an arrow.
The arrow hits Terence but does no damage.
Terence shouts!
You shoot an arrow. The arrow hits Terence.
Terence is moderately wounded.
Terence zaps a wand.
The bolt of light misses you.
You shoot an arrow. The arrow hits the rat!
You kill the rat!
Terence zaps a wand.
The bolt of light hits you!
Ouch! That really hurt!
* * * LOW HITPOINT WARNING * * *
There is a stone staircase leading up here.
You climb upwards.
There is a stone staircase leading down here.
HP restored.
Done exploring.
You climb downwards.
Level annotation: Terence
There is a stone staircase leading up here.
Terence is nearby!
Press: ? - help, v - describe, . - travel
Here: Terence, wielding a +0 flail, wearing a +2 scale mail of poison resistance and carrying a wand of light (9)
The floor.
Unknown command.
You shoot an arrow. The arrow closely misses Terence.
You shoot an arrow. The arrow closely misses Terence.
Terence zaps a wand.
The bolt of light misses you.
Terence zaps a wand.
The bolt of light hits you!!
Ouch! That really hurt!
You die...

.# #............. ##### .#
#......# ##...# .# #......#
#########....#### .# #......#
#................
.####......######.#######...#####
................[............>..<
#####......###.@..###.#.##.##.#.#
.# #.=....# #.#........##.#.....
.####......# #.#@####...##.#..#.#
...##......# #.#....<...##.#..#.#
##.######### #.######...##.#..#.#
#....#### ###...........#.##.#.#
####....###.#############.##.#..
######...................##.###
#............##############.#
#............####### ####.###
#..................# #.......


You could see Terence.

Vanquished Creatures
  A worm (D:2)
  A dart slug (D:2)
  6 ball pythons
  3 bats
  3 endoplasms
  3 giant cockroaches
  2 goblins (D:1)
  A hobgoblin (D:1)
  A quokka (D:1)
  3 frilled lizards
  2 kobolds
  3 rats (D:2)
29 creatures vanquished.

Notes
Turn   | Place    | Note
-------+----------+-------------------------------------------
     0 | D:1      | LustLizard the Spriggan Hunter began the quest for the Orb.
     0 | D:1      | Reached XP level 1. HP: 10/10 MP: 2/2
   198 | D:1      | Reached XP level 2. HP: 15/15 MP: 3/3
   632 | D:2      | Reached XP level 3. HP: 18/18 MP: 4/4
   731 | D:2      | Identified the +1 leather armour "Joxtub" {Str+4 Stlth+}
   746 | D:2      | Found a faded altar of an unknown god.
   919 | D:2      | Noticed Terence
  1165 | D:2      | Killed from afar by Terence

Illustrated notes

Levels and vault maps discovered:
D:1:      minmay_arrival_four_circles, layout_basic
D:2:      layout_basic, shapermc_ecumenical_altar_acropolis, uniq_terence

Skill      XL: |  1  2 |
---------------+-------+-----
Stealth        | 2 |  2.8
Fighting       | 2 |  2.0
Ranged Weapons | |  4.6
Dodging        | |  2.6

Action                   || total
-------------------------++-------
 Fire: Shortbow          ||    85
Armor: Robe              ||     1
Dodge: Dodged            ||    14
